[Event "Team 45 45 League T61"]
[Site "Internet Chess Club"]
[Date "2014.06.23"]
[Round "4"]
[White "room-matt"]
[Black "WillC"]
[Result "0-1"]
[WhiteElo "1837"]
[BlackElo "1726"]
[Opening "Richter-Veresov attack"]
[ECO "D01"]
[Time "15:34:58"]
[TimeControl "2700+45"]

1. d4 d5 2. Nc3 Nf6 3. Bg5 Nbd7 4. e3 e6 5. Bd3 Be7 6. Nf3 b6 7. O-O Bb7 8. Re1
O-O 9. Ne2 c5 10. Ng3 Ne4 11. Bf4 Rc8 12. c3 g5 13. Nxg5 Bxg5 14. Bxe4 dxe4 15.
Qg4 h6 16. Nxe4 f5 17. Bxg5 fxg4 18. Bxd8 Bxe4 19. Be7 Rf7 20. Bh4 Nf6 21. Rad1
c4 22. Rd2 Bd3 23. e4 Nxe4 24. Rdd1 Rcf8 25. Re3 Nxf2 26. Rde1 Ne4 27. h3 Rf1+
28. Kh2 Rxe1 29. Rxe1 gxh3 30. gxh3 Kf7 31. Rg1 Rg8 32. Rg4 Rxg4 33. hxg4 Kg6
34. Kg2 Be2 35. Kh3 Nf6 36. Bxf6 Kxf6 37. Kh4 b5 38. Kh5 Kg7 39. b4 a6 40. Kh4
Kg6 41. a3 Bd1 {White resigns} 0-1

[Event "Team 45 45 League T61"]
[Site "Internet Chess Club"]
[Date "2014.06.19"]
[Round "4"]
[White "drbishop"]
[Black "tsia68"]
[Result "1-0"]
[WhiteElo "1738"]
[BlackElo "1803"]
[Opening "King's Indian: Sämisch, orthodox, 7.Nge2 c6"]
[ECO "E86"]
[Time "12:01:38"]
[TimeControl "2700+45"]

1. d4 Nf6 2. c4 g6 3. Nc3 Bg7 4. e4 d6 5. f3 O-O 6. Be3 e5 7. Nge2 c6 8. Qd2 a6
9. dxe5 dxe5 10. O-O-O Qa5 11. g4 Be6 12. Ng3 b5 13. Qc2 Nbd7 14. g5 Ne8 15. h4
f5 16. Bh3 Nb6 17. Bxb6 Qxb6 18. exf5 Qe3+ 19. Kb1 gxf5 20. Nxf5 Bxf5 21. Bxf5
bxc4 22. Bxh7+ Kh8 23. Be4 Rb8 24. Rhe1 Qf4 25. Ne2 Qf7 26. h5 {Black resigns}
1-0

[Event "Team 45 45 League T61"]
[Site "Internet Chess Club"]
[Date "2014.06.19"]
[Round "4"]
[White "Kali-Linux"]
[Black "achessman"]
[Result "1-0"]
[WhiteElo "1978"]
[BlackElo "1891"]
[Opening "Petrov: modern attack, main line"]
[ECO "C43"]
[Time "22:11:53"]
[TimeControl "2700+45"]

1. e4 e5 2. Nf3 Nf6 3. d4 exd4 4. e5 Ne4 5. Qxd4 d5 6. exd6 Nxd6 7. Nc3 Nc6 8.
Qf4 Bf5 9. Bb5 Qe7+ 10. Kf1 Be6 11. Bxc6+ bxc6 12. Ne5 Bd5 13. Nxd5 Qd8 14. Nxc6
Qd7 15. Qe5+ {Black resigns} 1-0

[Event "Team 45 45 League T61"]
[Site "Internet Chess Club"]
[Date "2014.06.23"]
[Round "4"]
[White "tamtu"]
[Black "matein7"]
[Result "1-0"]
[WhiteElo "2000"]
[BlackElo "1768"]
[Opening "Nimzo-Indian: classical, 4...c5"]
[ECO "E38"]
[Time "19:09:49"]
[TimeControl "2700+45"]

1. d4 Nf6 2. c4 e6 3. Nc3 Bb4 4. Qc2 c5 5. dxc5 Nc6 6. Nf3 O-O 7. Bg5 h6 8. Bh4
Bxc5 9. e3 b6 10. Be2 Nb4 11. Qd2 Bb7 12. a3 a5 13. axb4 axb4 14. Na4 g5 15. Bg3
Ne4 16. Qc2 b5 17. cxb5 b3 18. Qxb3 Qa5+ 19. Kf1 g4 20. Qc2 gxf3 21. gxf3 Qd2
22. Qxd2 Nxd2+ 23. Kg2 Be7 24. Nb6 Rxa1 25. Rxa1 Bf6 26. Ra7 {Black resigns} 1-0

[Event "Team 45 45 League T61"]
[Site "Internet Chess Club"]
[Date "2014.06.22"]
[Round "4"]
[White "ILRE"]
[Black "TheRailgun"]
[Result "0-1"]
[WhiteElo "1580"]
[BlackElo "1901"]
[Opening "English: ultra-symmetrical variation"]
[ECO "A36"]
[Time "09:00:18"]
[TimeControl "2700+45"]

1. c4 c5 2. g3 g6 3. Bg2 Bg7 4. Nc3 Nc6 5. a3 e6 6. d3 Nge7 7. Rb1 O-O 8. Bg5 h6
9. Bxe7 Nxe7 10. Nf3 d5 11. O-O b6 12. Qc2 Bb7 13. b4 Rc8 14. Nd2 Nf5 15. Nb3
Qd7 16. bxc5 bxc5 17. Rfc1 Rfe8 18. e3 Ba6 19. Nd2 d4 20. exd4 Nxd4 21. Qd1 Red8
22. Bf1 Bb7 23. Nce4 f5 24. Nc3 Qc6 25. f3 Nxf3+ 26. Nxf3 Qxf3 27. Qxf3 Bxf3 28.
Kf2 Bc6 29. Nb5 Rd7 30. Be2 Rb8 31. Nc3 Rxb1 32. Nxb1 Rb7 33. Nc3 Rb3 34. Nb5
Bxb5 35. cxb5 Rxb5 36. d4 Bxd4+ 37. Kf3 Rb3+ 38. Kg2 Rxa3 39. Rb1 a5 40. Rb7 Ra2
41. Kf1 Rc2 42. Ra7 c4 43. Rxa5 c3 44. Ra4 Rc1+ 45. Kg2 e5 46. Bc4+ Kg7 47. Ra8
Rg1+ 48. Kf3 c2 49. Rg8+ Kf6 50. Rf8+ Ke7 51. Rf7+ Ke8 52. Rh7 e4+ {White
resigns} 0-1

[Event "Team 45 45 League T61"]
[Site "Internet Chess Club"]
[Date "2014.06.21"]
[Round "4"]
[White "Frankly"]
[Black "mongmong"]
[Result "1-0"]
[WhiteElo "1787"]
[BlackElo "1615"]
[Opening "Nimzo-Indian: 4.e3 O-O, 5.Bd3 d5"]
[ECO "E48"]
[Time "06:01:53"]
[TimeControl "2700+45"]

1. d4 e6 2. c4 Nf6 3. Nc3 Bb4 4. e3 O-O 5. Bd3 d5 6. Ne2 dxc4 7. Bxc4 c5 8. O-O
cxd4 9. Nxd4 Bxc3 10. bxc3 Qc7 11. Qb3 a6 12. Bb2 b5 13. Be2 Bb7 14. Rac1 Qc5
15. Ba3 Qg5 16. Nf3 {Black resigns} 1-0

[Event "Team 45 45 League T61"]
[Site "Internet Chess Club"]
[Date "2014.06.22"]
[Round "4"]
[White "Agarnez"]
[Black "IshanR"]
[Result "1/2-1/2"]
[WhiteElo "1988"]
[BlackElo "1859"]
[Opening "QGD: Tarrasch, Réti variation"]
[ECO "D34"]
[Time "02:03:20"]
[TimeControl "2700+45"]

1. d4 d5 2. c4 e6 3. Nc3 c5 4. cxd5 exd5 5. Nf3 Nc6 6. g3 Nf6 7. Bg2 Be7 8. O-O
O-O 9. dxc5 Bxc5 10. Na4 Be7 11. Be3 Bg4 12. h3 Bxf3 13. Bxf3 Qd7 14. Bg2 Rad8
15. Bc5 Rfe8 16. e3 Ne4 17. Bxe7 Qxe7 18. Nc3 Qe5 {Game drawn by mutual
agreement} 1/2-1/2

[Event "Team 45 45 League T61"]
[Site "Internet Chess Club"]
[Date "2014.06.19"]
[Round "4"]
[White "netballgirl"]
[Black "kar120c"]
[Result "1/2-1/2"]
[WhiteElo "1814"]
[BlackElo "1850"]
[Opening "QGD: Orthodox defense, Botvinnik variation"]
[ECO "D60"]
[Time "18:30:16"]
[TimeControl "2700+45"]

1. Nf3 d5 2. d4 Nf6 3. c4 e6 4. Nc3 Be7 5. Bg5 O-O 6. e3 Nbd7 7. Bd3 h6 8. Bh4
dxc4 9. Bxc4 a6 10. a4 b6 11. O-O Bb7 12. Qe2 c5 13. Rfd1 Qc7 14. Bg3 Bd6 15.
Bxd6 Qxd6 16. e4 Qf4 17. d5 exd5 18. Bxd5 Nxd5 19. Nxd5 Bxd5 20. exd5 Rfe8 21.
Qd3 Ne5 22. Nxe5 Qxe5 23. Qc3 Qf5 24. Rd2 Rad8 25. Rad1 {Game drawn by mutual
agreement} 1/2-1/2

[Event "Team 45 45 League T61"]
[Site "Internet Chess Club"]
[Date "2014.06.18"]
[Round "4"]
[White "tightfist"]
[Black "rusano"]
[Result "0-1"]
[WhiteElo "1569"]
[BlackElo "1698"]
[Opening "Polish (Sokolsky) opening"]
[ECO "A00"]
[Time "18:00:15"]
[TimeControl "2700+45"]

1. b4 e5 2. Bb2 d6 3. e3 Nf6 4. Nf3 Nc6 5. a3 Bg4 6. Be2 g6 7. c4 Bg7 8. d3 O-O
9. O-O Re8 10. Nc3 e4 11. dxe4 Nxe4 12. Qc2 Nxc3 13. Bxc3 Bxc3 14. Qxc3 Ne5 15.
Nxe5 Bxe2 16. Rfe1 Rxe5 17. Rxe2 Qe7 18. Rd1 b6 19. Rd5 Rd8 20. Rxe5 Qxe5 21.
Qd4 c5 22. bxc5 Qxc5 23. Qc3 Rc8 24. Rc2 d5 25. Kf1 Qxc4+ 26. Qxc4 Rxc4 27. Rd2
Rc3 28. Ra2 f5 29. Ke2 Kf7 30. Kd2 Rc4 31. a4 Ke6 32. f4 Kd6 33. a5 b5 34. g3
Ra4 35. Rxa4 bxa4 36. Kc3 Kc5 37. a6 Kb5 38. h3 Kxa6 39. Kb4 Kb6 40. g4 a5+ 41.
Kxa4 Kc5 42. Kxa5 d4 43. gxf5 gxf5 44. exd4+ Kxd4 45. Kb4 Ke4 46. Kc4 Kxf4 47.
Kd3 Kg3 48. Ke3 f4+ 49. Ke2 Kg2 50. h4 f3+ 51. Ke1 f2+ 52. Kd2 f1=Q 53. Ke3 Qc4
54. h5 h6 55. Kd2 Kf2 56. Kd1 Qe2+ 57. Kc1 Ke3 58. Kb1 Qd2 59. Ka1 Kd3 60. Kb1
Kc3 61. Ka1 Qb2# {White checkmated} 0-1

[Event "Team 45 45 League T61"]
[Site "Internet Chess Club"]
[Date "2014.06.21"]
[Round "4"]
[White "kidviper"]
[Black "lacibacsi"]
[Result "1/2-1/2"]
[WhiteElo "1968"]
[BlackElo "1970"]
[Opening "Sicilian: Nimzovich-Rossolimo attack (with ...g6, without ...d6)"]
[ECO "B31"]
[Time "14:03:57"]
[TimeControl "2700+45"]

1. e4 c5 2. Nf3 Nc6 3. Bb5 g6 4. O-O Bg7 5. c3 Nf6 6. Qe2 O-O 7. d3 d5 8. Bxc6
bxc6 9. e5 Ne8 10. Be3 Bg4 11. Bxc5 Bxf3 12. gxf3 Nc7 13. Qe3 Ne6 14. b4 a5 15.
d4 f6 16. exf6 Rxf6 17. Nd2 Qd7 18. Kh1 Nf4 19. Qxe7 Qxe7 20. Bxe7 Re6 21. Bg5
Ne2 22. Rfe1 axb4 23. Be3 Nxc3 24. Nb3 Rxa2 25. Nc5 Re8 26. Rxa2 Nxa2 27. Rb1
Rb8 28. Rb2 Nc3 29. Nd3 Bf8 30. Ne5 Na4 31. Rb3 c5 32. dxc5 Nxc5 33. Bxc5 Bxc5
34. Nd7 Rb5 35. Nxc5 Rxc5 36. Rxb4 Kg7 37. Kg2 Kf6 38. Kf1 Rc2 39. f4 Kf5 40.
Rd4 Ke6 41. Ke1 Rc4 42. Rd3 Rxf4 43. Rh3 h5 44. Ke2 Ke5 45. Rg3 Kf5 46. h3 Rb4
47. Rf3+ Ke5 48. Rg3 Rb2+ 49. Ke1 Kf5 50. Rd3 Ke4 51. Rg3 h4 52. Rxg6 Kd3 53.
Kf1 d4 54. Rg4 Rb1+ 55. Kg2 Kc3 56. Rg6 d3 57. Kf3 Kd2 58. Rd6 Re1 59. Kg4 Ke2
60. Kxh4 d2 61. Kg5 d1=Q 62. Rxd1 Rxd1 63. h4 Kf3 64. h5 Rd5+ 65. Kg6 Kg4 66. h6
Rd6+ 67. Kg7 Kg5 68. f4+ Kxf4 69. h7 Kg5 70. h8=Q Rd7+ 71. Kf8 Rd8+ 72. Kg7 Rxh8
73. Kxh8 {Game drawn because neither player has mating material} 1/2-1/2

[Event "Team 45 45 League T61"]
[Site "Internet Chess Club"]
[Date "2014.06.21"]
[Round "4"]
[White "Tobiasdelmonte"]
[Black "kidcobra"]
[Result "1-0"]
[WhiteElo "1891"]
[BlackElo "1774"]
[Opening "Torre attack (Tartakower variation)"]
[ECO "D03"]
[Time "18:08:03"]
[TimeControl "2700+45"]

1. d4 Nf6 2. Bg5 d5 3. Nf3 e6 4. e3 c5 5. Bd3 c4 6. Be2 b5 7. O-O Bd6 8. a4 bxa4
9. Rxa4 Bd7 10. Ra1 h6 11. Bh4 Nc6 12. Nbd2 Rb8 13. e4 dxe4 14. Nxe4 Be7 15.
Bxf6 gxf6 16. Bxc4 Rxb2 17. d5 Na5 18. d6 Nxc4 19. dxe7 Qxe7 20. Qd4 e5 21. Qxc4
f5 22. Rxa7 Rb8 23. Nc5 Rd8 24. Nxd7 Rxd7 25. Rxd7 Qxd7 26. Nxe5 Qb7 27. Qa4+
Kf8 28. Nd7+ Kg7 29. Qd4+ Kh7 30. Nf6+ Kg6 31. Nd7 Rg8 32. Qf6+ Kh7 33. Qxf5+
Kh8 34. Qf6+ Rg7 35. Qxh6+ Kg8 36. Nf6+ Kf8 37. Qh8+ Ke7 38. Qxg7 Ke6 39. Re1+
Kd6 40. Qf8+ Kc6 41. Qe8+ Kc5 42. Qe5+ Kc6 43. Qd5+ Kc7 44. Re7+ Kc8 45. Qxb7+
Kd8 46. Qc7# {Black checkmated} 1-0

[Event "Team 45 45 League T61"]
[Site "Internet Chess Club"]
[Date "2014.06.21"]
[Round "4"]
[White "John3v16"]
[Black "amicusUK"]
[Result "0-1"]
[WhiteElo "1661"]
[BlackElo "1650"]
[Opening "Queen's pawn"]
[ECO "A40"]
[Time "07:02:07"]
[TimeControl "2700+45"]

1. d4 e6 2. Nc3 d5 3. Bf4 Bd6 4. e3 Bxf4 5. exf4 Nf6 6. Nf3 b6 7. Ne5 O-O 8. Bd3
c5 9. dxc5 bxc5 10. Bb5 Ba6 11. Bxa6 Nxa6 12. Ne2 Qa5+ 13. c3 Rfc8 14. O-O Nb8
15. Ng3 Nbd7 16. Re1 Qc7 17. Qc2 c4 18. Rad1 Nc5 19. f5 Nce4 20. fxe6 fxe6 21.
Nxe4 Nxe4 22. Ng4 Rf8 23. f3 Qc5+ 24. Kh1 h5 25. Ne5 Nf2+ 26. Kg1 Nxd1+ 27. Kf1
Ne3+ 28. Rxe3 Qxe3 {White resigns} 0-1

[Event "Team 45 45 League T61"]
[Site "Internet Chess Club"]
[Date "2014.06.21"]
[Round "4"]
[White "fireball"]
[Black "leopardc"]
[Result "1/2-1/2"]
[WhiteElo "1712"]
[BlackElo "1606"]
[Opening "KGA: Abbazia defense, modern variation"]
[ECO "C31"]
[Time "13:02:24"]
[TimeControl "2700+45"]

1. e4 e5 2. f4 d5 3. exd5 exf4 4. Nf3 Nf6 5. c4 Bg4 6. Be2 Bb4 7. a3 Bd6 8. d4
c5 9. Ne5 Bxe2 10. Qxe2 O-O 11. Bxf4 Re8 12. O-O b6 13. Qf3 Qc7 14. Ng4 Ne4 15.
Bxd6 Nxd6 16. b3 Nd7 17. dxc5 Nxc5 18. Nd2 f5 19. Ne3 Rf8 20. Nc2 Rae8 21. Nd4
Qe7 22. Rae1 Qxe1 23. Rxe1 Rxe1+ 24. Kf2 Rfe8 25. Nxf5 Nxf5 26. Qxf5 R1e2+ 27.
Kg3 Rxd2 28. b4 Re3+ 29. Kh4 Re4+ 30. Kh3 Re3+ 31. g3 Nd3 32. Qc8+ Kf7 33. Qf5+
Kg8 {Game drawn by mutual agreement} 1/2-1/2